AoeStats
← Godo Piquetero

Arabia

509858242Analyzed
1v1 RM · 5d ago on Sep 28, 2026· 53m 9s· 2 players
Game mode
Random Map
Map size
Tiny (2 player)
Population
200
Speed
Normal
Resources
Standard
Victory
Conquest
Starting age
Dark Age
Ending age
Imperial Age
RankedLock teamsTeams togetherTeam positionsShared explorationLock speedFull tech treeHidden civsTurbo modeCheats
Victory
Defeat
🇺🇸 Magyars · United States
1015
+15
🇦🇷 Sicilians · Argentina
986
-15
Godo Piquetero
4:57 Loom
10:50 Feudal Age
16:17 Wheelbarrow
15:35 Double-Bit Axe
15:35 Horse Collar
22:41 Castle Age
22:32 Scale Mail Armor
22:45 Forging
22:43 Pikeman
27:36 Hand Cart
29:31 Stone Mining
29:31 Gold Mining
30:39 Heavy Plow
31:02 Bow Saw
35:37 Imperial Age
34:19 Chain Mail Armor
34:19 Town Watch
35:24 Town Patrol
36:21 Iron Casting
38:05 Squires
37:51 Arson
38:55 Padded Archer Armor
38:46 Fletching
39:18 Ballistics
39:59 Chemistry
39:09 Masonry
39:04 Heavy Mounted Crossbowman
39:04 Cranequins
40:06 Leather Archer Armor
39:22 Elite Skirmisher
40:37 Bodkin Arrow
40:54 Siege Engineers
41:29 Halberdier
43:11 Scale Barding Armor
44:06 Blast Furnace
43:44 Bracer
44:26 First Crusade
44:49 Crop Rotation
46:37 Light Cavalry
47:27 Bloodlines
48:15 Plate Mail Armor
48:06 Chain Barding Armor
53:20 Plate Barding Armor
Mr Phobos 141
12:34 Feudal Age
13:17 Double-Bit Axe
15:23 Horse Collar
24:00 Castle Age
25:01 Wheelbarrow
25:03 Fletching
25:19 Scale Barding Armor
25:20 Husbandry
25:30 Bloodlines
24:41 Light Cavalry
25:59 Bow Saw
26:18 Gold Mining
28:40 Bodkin Arrow
29:37 Thumb Ring
30:04 Heavy Plow
32:21 Gold Shaft Mining
31:56 Town Watch
31:57 Loom
35:55 Chain Barding Armor
42:31 Hand Cart
42:16 Town Patrol
51:05 Imperial Age
51:51 Ballistics
51:22 Heavy Cavalry Archer
52:29 Parthian Tactics
51:28 Hussar
52:33 Conscription
52:14 Recurve Bow
52:57 Bracer
53:33 Plate Barding Armor
52:26 Capped Ram
Connection lost

Rejoining the realm…

Still unreachable

The connection could not be restored.

Session expired

The server has moved on; the page needs a fresh start.